 Dungeon Crawl Stone Soup version 0.18.1-48-g4cf74bf (webtiles) character file.

824 Charly the Cleaver (level 7, -12/40 HPs)
             Began as a Gargoyle Gladiator on Aug 28, 2016.
             Was a Believer of Okawaru.
             Killed by divine providence
             ... invoked by an orc priest
              (16 damage)
             ... on level 6 of the Dungeon.
             The game lasted 00:23:16 (1362 turns).

Charly the Cleaver (Gargoyle Gladiator)             Turns: 1362, Time: 00:23:17

Health: -12/40     AC: 14    Str: 24    XL:     7   Next: 96%
Magic:  7/7        EV:  9    Int:  9    God:    Okawaru [**....]
Gold:   24         SH:  0    Dex: 14    Spells: 0 memorised, 6 levels left

rFire  . . .     SeeInvis .     b - +0 blowgun (curse)
rCold  . . .     Gourm    .     p - +0 chain mail
rNeg   + . .     Faith    .     (no shield)
rPois  ∞         Spirit   .     c - +1 helmet
rElec  +         Dismiss  .     (no cloak)
rCorr  .         Reflect  .     (no gloves)
SustAt .         Harm     .     (no boots)
MR     .....                    (no amulet)
Stlth  ..........               r - +6 ring of strength
                                w - +2 ring of dexterity

@: not resistant to hostile enchantments, extremely unstealthy
A: negative energy resistance 1, electricity resistance, unbreathing,
petrification resistance, rot immunity, AC +4
a: Heroism, Renounce Religion


You were on level 6 of the Dungeon.
You worshipped Okawaru.
Okawaru was pleased with you.
You were full.

You visited 1 branch of the dungeon, and saw 8 of its levels.

You collected 114 gold pieces.
You spent 90 gold pieces at shops.

Inventory:

Hand Weapons
 a - a +0 war axe
 b - a cursed +0 blowgun (weapon)
 y - a +3 morningstar
Missiles
 i - 3 throwing nets (quivered)
Armour
 c - a +1 helmet (worn)
 l - a +0 ring mail
 p - a +0 chain mail (worn)
 q - a +0 scale mail
Jewellery
 n - the ring "Apaiss" {rN+ Stlth+}
   (You found it on level 4 of the Dungeon)

   [ring of stealth]

   It protects you from negative energy.
   It makes you more stealthy.
 r - a +6 ring of strength (right hand)
 w - a +2 ring of dexterity (left hand)
Wands
 j - a wand of flame (0/48)
 m - a wand of flame (0/48)
 o - a wand of flame (0/48)
Potions
 e - 2 potions of berserk rage
 g - 2 potions of heal wounds
 h - a potion of degeneration {unknown}
 z - 3 potions of flight
Books
 s - an Akashic Record

   Spells                             Type                      Level
   a - Dispersal                      Translocation                6
   b - Malign Gateway                 Summoning/Translocation      7
   c - Disjunction                    Translocation                8
   d - Controlled Blink               Translocation                8
 t - a book of Dreams

   Spells                             Type                      Level
   a - Ensorcelled Hibernation        Hexes/Ice                    2
   b - Silence                        Hexes/Air                    5
   c - Darkness                       Hexes                        6
   d - Shadow Creatures               Summoning                    6
Comestibles
 f - 4 bread rations
 u - 3 fruits
 x - a slice of pizza


   Skills:
 - Level 2.1 Fighting
 + Level 8.4 Axes
 - Level 1.7 Throwing
 - Level 2.4 Dodging


You had 6 spell levels left.
You didn't know any spells.

Dungeon Overview and Level Annotations

Branches:
Dungeon (8/15)
 Temple: D:4-7         Lair: D:8-11

Altars:
Fedhas
Okawaru
Pakellas
Ru

Shops:
D:7 =

Annotations:
D:7 exclusion: downstairs
D:8 Erolcha, Maurice, Prince Ribbit


Innate Abilities, Weirdness & Mutations

You are resistant to torment.
Your stone body is resilient (AC +4).
You are immune to poison.
You resist negative energy.
You are resistant to electric shocks.
You can survive without breathing.
You are immune to petrification.
You are immune to rotting.


Message History

The giant cockroach bites you but does no damage.
Your chain mail prevents you from hitting the orc priest.
The orc priest is severely wounded.
The orc priest is no longer moving slowly.
The giant cockroach bites you but does no damage.
The orc priest barely misses you.
The giant cockroach bites you but does no damage.
You clumsily bash the orc priest but do no damage.
The orc priest is severely wounded.
The orc priest hits you but does no damage.
The giant cockroach bites you but does no damage.
The orc priest invokes the aid of Beogh against you.
Beogh smites you!
* * * LOW HITPOINT WARNING * * *
You closely miss the orc priest.
The orc priest is severely wounded.
The giant cockroach closely misses you. x2
The orc priest mumbles some strange prayers to Beogh against you.
Beogh smites you!
You die...

#.# *##.....* *,
#.#######+##* *,
#<.......,* *,
#.#######***### *,
#..,,,,,,,,,.(# **
####********#.#
#)# #o# #@#
#s################
#oo.o..o..........
##################


You could see an orc warrior, an orc priest, an orc and a giant cockroach.

Vanquished Creatures
  A hippogriff (D:8)
  An orc warrior (D:8)
  An ice beast (D:7)
  An ogre (D:6)
  2 orc priests
  A quasit (D:6)
  A hound (D:5)
  4 orc wizards
  2 worker ants
  A hound skeleton (D:7)
  A gnoll (D:7)
  A howler monkey skeleton (D:6)
  3 adders
  A shadow imp (D:7)
  An adder skeleton (D:8)
  A dart slug (D:2)
  2 giant geckos
  10 orcs
  A giant cockroach (D:7)
  2 goblins (D:2)
  2 hobgoblins
  4 jackals (D:7)
  A ball python (D:2)
  A bat (D:2)
  2 giant newts
  A kobold (D:3)
  A quokka zombie (D:7)
  2 rats (D:2)
52 creatures vanquished.

Vanquished Creatures (collateral kills)
  A hound (D:7)
  3 gnolls (D:7)
4 creatures vanquished.

Grand Total: 56 creatures vanquished

Notes
Turn   | Place    | Note
--------------------------------------------------------------
     0 | D:1      | Charly the Gargoyle Gladiator began the quest for the Orb.
     0 | D:1      | Reached XP level 1. HP: 12/12 MP: 1/1
    47 | D:2      | Found an iron altar of Okawaru.
    54 | D:2      | Became a worshipper of Warmaster Okawaru
    66 | D:2      | Reached skill level 3 in Axes
    78 | D:2      | Reached XP level 2. HP: 11/17 MP: 2/2
   134 | D:3      | Reached XP level 3. HP: 11/21 MP: 3/3
   187 | D:3      | Found an oddly glowing altar of Pakellas.
   298 | D:4      | Found a sacrificial altar of Ru.
   304 | D:4      | Noticed a phantom
   307 | D:4      | Got a coiled turquoise ring
   311 | D:4      | Identified the ring "Apaiss" {rN+ Stlth+} (You found it on level 4 of the Dungeon)
   323 | D:5      | Entered Level 5 of the Dungeon
   379 | D:5      | Reached skill level 4 in Axes
   379 | D:5      | Reached XP level 4. HP: 18/26 MP: 4/4
   501 | D:6      | Reached skill level 5 in Axes
   501 | D:6      | Reached XP level 5. HP: 30/30 MP: 5/5
   612 | D:7      | Noticed an ice beast
   621 | D:7      | Killed an ice beast
   621 | D:7      | Reached * piety under Okawaru
   621 | D:7      | Reached skill level 6 in Axes
   621 | D:7      | Reached XP level 6. HP: 35/35 MP: 6/6
   704 | D:7      | Found Coehav's Jewellery Shoppe.
   712 | D:7      | Bought a +2 ring of dexterity for 90 gold pieces
   727 | D:8      | Noticed Maurice
   796 | D:8      | Noticed a hippogriff
   801 | D:8      | Killed a hippogriff
   801 | D:8      | Reached skill level 7 in Axes
   801 | D:8      | Reached XP level 7. HP: 40/40 MP: 7/7
   820 | D:8      | Noticed Prince Ribbit
   843 | D:8      | Noticed Erolcha
   921 | D:8      | Reached ** piety under Okawaru
   964 | D:8      | Noticed a wyvern
   980 | D:8      | Found a blossoming altar of Fedhas.
  1061 | D:7      | Reached skill level 8 in Axes
  1362 | D:6      | Killed from afar by an orc priest

Skill      XL: |  1  2  3  4  5  6  7 |
---------------+----------------------+-----
Axes           | 3 4 5 6 7 8 |  8.4
Fighting       | |  2.1
Throwing       | |  1.7
Dodging        | |  2.4

Action                   |  1- 3 |  4- 6 |  7- 9 || total
-------------------------+-------+-------+-------++-------
Melee: War axe           |    69 |    54 |       ||   123
       Blowgun           |       |       |    27 ||    27
       Unarmed           |       |       |     5 ||     5
 Fire: Blowgun           |       |     2 |    21 ||    23
Throw: Throwing net      |     6 |     3 |       ||     9
Evoke: Wand              |       |    16 |    26 ||    42
  Use: Scroll            |     3 |     5 |     3 ||    11
 Stab: Sleeping          |     1 |       |       ||     1
       Confused          |       |       |     1 ||     1
  Eat: Fruit             |       |     5 |       ||     5
       Pizza             |       |     1 |       ||     1
Armor: Leather armour    |    27 |       |       ||    27
       Ring mail         |     9 |       |       ||     9
       Scale mail        |     8 |     3 |       ||    11
       Chain mail        |       |    33 |    63 ||    96
       Skin              |       |       |     1 ||     1
Dodge: Dodged            |    62 |    40 |    46 ||   148
